 Dungeon Crawl Stone Soup version 0.29.1-15-g9cfb28693d (webtiles) character file.

Game seed: 5554059840906605898

1743 Descartes the Firebug (level 9, -2/51 HPs)
             Began as an Octopode Fire Elementalist on Apr 8, 2023.
             Was an Initiate of Gozag.
             Slain by an orc warrior
             ... wielding a +0 flail
              (16 damage)
             ... on level 6 of the Dungeon.
             The game lasted 00:09:00 (6924 turns).

Descartes the Firebug (Octopode Fire Elementalist)  Turns: 6924, Time: 00:09:02

Health: -2/51      AC:  1    Str:  8    XL:     9   Next: 6%
Magic:  0/15       EV: 22    Int: 21    God:    Gozag
Gold:   804        SH:  0    Dex: 12    Spells: 8/17 levels left

rFire   + + .      SeeInvis .   m - staff of fire
rCold   x . .      Faith    .   (no shield)
rNeg    . . .      Spirit   .   (helmet restricted)
rPois   .          Reflect  .   (no amulet)
rElec   .          Harm     .   f - +4 ring of evasion
rCorr   .          Rampage  .   k - +4 ring of evasion
Will    .....                   C - ring of fire
Stlth   +++.......              (no ring)
HPRegen 0.17/turn               (no ring)
MPRegen 0.14/turn               (no ring)
                                (no ring)
                                (no ring)

@: gold aura
A: almost no armour, amphibious, 8 rings, camouflage 1, gelatinous body 1,
(nimble swimmer 1), tentacles
a: Renounce Religion, Potion Petition, Call Merchant, Bribe Branch


You were on level 6 of the Dungeon.
You worshipped Gozag.
Gozag was pleased with you.
You visited 2 branches of the dungeon, and saw 7 of its levels.

You collected 854 gold pieces.
You paid 50 gold pieces to Gozag.

Inventory:

Missiles
 n - 2 throwing nets
 q - 4 javelins
 x - 4 boomerangs
 y - 3 curare-tipped darts
 D - 2 poisoned darts
Magical Staves
 m - a staff of fire (weapon)
Jewellery
 f - a +4 ring of evasion (left tentacle)
 k - a +4 ring of evasion (right tentacle)
 C - a ring of fire (on tentacle)
 E - a ring of protection from fire
Wands
 r - a wand of paralysis (1)
 A - a wand of iceblast (5)
Scrolls
 c - a scroll of brand weapon {unknown}
 d - 3 scrolls of magic mapping {unknown}
 e - 2 scrolls of teleportation {unknown}
 l - 4 scrolls of identify {unknown}
 o - 2 scrolls of enchant weapon {unknown}
 p - a scroll of amnesia {unknown}
 s - a scroll of enchant armour {unknown}
 t - a scroll of summoning {unknown}
 u - 2 scrolls of fear {unknown}
 v - a scroll of noise {unknown}
 B - 2 scrolls of vulnerability {unknown}
 G - a scroll of fog {unknown}
Potions
 a - a potion of magic
 b - 2 potions of lignification
 g - a potion of attraction {unknown}
 h - 2 potions of curing
 i - a potion of resistance {unknown}
 j - a potion of degeneration {unknown}
 w - a potion of heal wounds {unknown}
 z - a potion of invisibility
 F - a potion of might {unknown}


   Skills:
 + Level 3.8 Staves
 + Level 4.4 Dodging
 - Level 2.6 Stealth
 + Level 4.6 Spellcasting
 + Level 4.6 Conjurations
 + Level 5.5 Fire Magic
 + Level 3.8 Poison Magic
 + Level 4.3 Evocations


You had 8 spell levels left.
You knew the following spells:

 Your Spells              Type           Power      Damage    Failure   Level
a - Foxfire               Conj/Fire      100%       2x1d9     1%          1
b - Ignite Poison         Fire/Tmut/Pois 40%        N/A       10%         3
c - Fireball              Conj/Fire      28%        3d12      36%         5

Your spell library contained the following spells:

 Spells                   Type           Power      Damage    Failure   Level
 Scorch                   Fire           100%       2d10      1%          2
 Conjure Flame            Conj/Fire      56%        6-21      4%          3
 Inner Flame              Hex/Fire       36%        N/A       11%         3
 Flame Wave               Conj/Fire      56%        2d13      14%         4
 Sticky Flame             Conj/Fire      56%        2d7       14%         4
 Gell's Gravitas          Tloc           4%         N/A       34%         3
 Lesser Beckoning         Tloc           4%         N/A       34%         3
 Teleport Other           Tloc           4%         N/A       34%         3
 Iskenderun's Battlesphe  Conj           24%        2d8       43%         5
 Cause Fear               Hex            2%         N/A       75%         4
 Conjure Ball Lightning   Conj/Air       7%         3x3d6     100%        6
 Orb of Destruction       Conj           12%        9d7       100%        7
 Discord                  Hex            2%         N/A       100%        8
 Chain Lightning          Conj/Air       7%         3d9       100%        9
 Fire Storm               Conj/Fire      28%        8d7       100%        9
 Shatter                  Erth           2%         3d6*      100%        9


Dungeon Overview and Level Annotations

Branches:
Dungeon (6/15)             Temple (1/1) D:5

Altars:
Ashenzari
Cheibriados
Dithmenos
Elyvilon
Gozag
Hepliaklqana
Kikubaaqudgha
Makhleb
Nemelex Xobeh
Okawaru
Qazlal
Ru
Sif Muna
Trog
Uskayaw
Vehumet
Wu Jian
Xom
Yredelemnul
Zin
The Shining One


Innate Abilities, Weirdness & Mutations

You cannot wear most types of armour.
You are amphibious.
You can wear up to eight rings at the same time.
Your skin changes colour to match your surroundings (Stealth+).
Your rubbery body absorbs attacks. (AC +1, EV +1)
((You are camouflaged when in or above water. (Stealth+)))
You have tentacles for arms and can constrict up to eight enemies at once.


Message History

The orc is almost dead.
The orc warrior hits you with a +0 flail!
The orc wizard hits you but does no damage.
Casting: Foxfire (safe; 1% risk of failure)
Confirm with . or Enter, or press ? or * to list all spells.
You feel a strong surge of power!
You conjure some foxfire!
The foxfire hits the orc warrior but does no damage.
The orc warrior is almost dead.
The foxfire hits the orc warrior but does no damage.
The orc warrior is almost dead.
The orc warrior misses you. The orc closely misses you.
The orc wizard points at you and mumbles some strange words.
The magic dart hits you!
Casting: Foxfire (safe; 1% risk of failure)
Confirm with . or Enter, or press ? or * to list all spells.
You feel a strong surge of power!
You conjure some foxfire!
The foxfire hits the orc but does no damage.
The orc is almost dead.
The orc hits you with a +0 club.
The orc warrior hits you with a +0 flail!
* * * LOW HITPOINT WARNING * * *
The orc wizard misses you.
Casting: Foxfire (safe; 1% risk of failure)
Confirm with . or Enter, or press ? or * to list all spells.
You feel a strong surge of power!
You conjure some foxfire!
The foxfire hits the orc warrior but does no damage.
The orc warrior is almost dead.
The foxfire hits the orc warrior but does no damage.
The orc warrior is almost dead.
The orc warrior barely misses you. The orc misses you.
The orc wizard closely misses you.
Unknown command.
Casting: Foxfire (safe; 1% risk of failure)
Confirm with . or Enter, or press ? or * to list all spells.
You feel a strong surge of power!
You conjure some foxfire!
The foxfire hits the orc!
You kill the orc!
The orc warrior hits you with a +0 flail!
You die...
Your body crumbles into a pile of gold.

#.##.....## #.# #.
####### #.###...##
######.###. ......#
#)# ##.##
#.......... ....#.#
#)# ### #.####.####
......####)######
#.# #.# #
###.............#
#.# #.# #
##..####.####.# #.#
#.# # #..####.#
##.#######.# #.####
#.......#
#.$@v......####.....
#.#######
#.oov...............
#.##
#.##################
##..#### #. #......#
#. ###.#.##.# #o
....#.# # #o #####.#
#. .# #o


You could see an orc warrior (ally target) and an orc wizard.

Vanquished Creatures
  Grinder (D:6)
  A steam dragon (D:6)
  2 ice beasts (D:6)
  A centaur (D:6)
  A phantom (D:5)
  2 scorpions
  5 wights (D:3)
  A howler monkey (D:6)
  3 hounds
  A gnoll bouda (D:6)
  2 orc priests
  3 iguanas
  3 orc wizards
  13 gnolls
  9 adders
  A shadow imp (D:6)
  An ufetubus (D:5)
  A worm (D:3)
  2 dart slugs
  14 orcs
  5 ball pythons
  3 endoplasms
  2 giant cockroaches
  3 goblins
  7 hobgoblins
  9 jackals
  3 kobolds
  2 quokkas
  7 bats
  4 frilled lizards
  4 rats
116 creatures vanquished.

Vanquished Creatures (collateral kills)
  A foxfire (D:2)
1 creature vanquished.

Vanquished Creatures (others)
  624 foxfires
624 creatures vanquished.

Grand Total: 741 creatures vanquished

Notes
Turn   | Place    | Note
-------+----------+-------------------------------------------
     0 | D:1      | Descartes the Octopode Fire Elementalist began the quest
                  | for the Orb.
     0 | D:1      | Reached XP level 1. HP: 11/11 MP: 3/3
   460 | D:1      | Reached XP level 2. HP: 17/17 MP: 3/5
   899 | D:2      | Reached XP level 3. HP: 21/21 MP: 3/6
  1792 | D:3      | Reached XP level 4. HP: 27/27 MP: 4/8
  2027 | D:3      | Found a faded altar of an unknown god.
  2040 | D:3      | Reached skill level 1 in Evocations
  2164 | D:3      | Reached skill level 1 in Staves
  2164 | D:3      | Reached XP level 5. HP: 31/31 MP: 3/9
  2255 | D:3      | Reached skill level 4 in Fire Magic
  2295 | D:3      | Reached XP level 6. HP: 36/36 MP: 3/10
  2464 | D:3      | Learned a level 3 spell: Ignite Poison
  2470 | D:3      | Learned a level 5 spell: Fireball
  2646 | D:3      | Found a shimmering altar of Xom.
  2647 | D:3      | Found a hide-covered altar of Uskayaw.
  2647 | D:3      | Found a bloodstained altar of Trog.
  2707 | D:3      | Found an ornate altar of the Wu Jian Council.
  2707 | D:3      | Found an iron altar of Okawaru.
  2718 | D:3      | Found a snail-covered altar of Cheibriados.
  2718 | D:3      | Found an opulent altar of Gozag.
  2719 | D:3      | Found a broken altar of Ashenzari.
  2726 | D:3      | Became a worshipper of Gozag Ym Sagoz the Greedy
  2956 | D:4      | Reached XP level 7. HP: 41/41 MP: 6/12
  3532 | D:4      | Reached skill level 1 in Poison Magic
  4111 | D:5      | Entered Level 5 of the Dungeon
  4111 | D:5      | Found a staircase to the Ecumenical Temple.
  4140 | Temple   | Entered the Ecumenical Temple
  4755 | D:5      | Found a white marble altar of Elyvilon.
  5068 | D:5      | Reached XP level 8. HP: 46/46 MP: 6/14
  5637 | D:6      | Reached skill level 5 in Fire Magic
  6007 | D:6      | Noticed Grinder
  6038 | D:6      | Paralysed by something for 4 turns
  6039 | D:6      | Killed Grinder
  6538 | D:6      | Found a shadowy altar of Dithmenos.
  6716 | D:6      | Reached XP level 9. HP: 37/51 MP: 7/15
  6924 | D:6      | Slain by an orc warrior

Illustrated notes

Levels and vault maps discovered:
D:1:      lightli_arrival_chessboard, layout_basic,
          chequers_serial_rivers_micro_d
D:2:      layout_loops_ring, hex_large, kennysheep_generic_room_2
D:3:      layout_rooms, grunt_temple_overflow_open,
          shapermc_ecumenical_altar_venn
D:4:      layout_gridville
D:5:      layout_basic, elyvilon_altar_3, temple_fountains
D:6:      layout_loops_ring, nicolae_dithmenos_the_darkroom, uniq_grinder
Temple:   minmay_temple_curvy_loop

Skill      XL: |  1  2  3  4  5  6  7  8 |
---------------+-------------------------+-----
Conjurations   | 2 3 4 |  4.6
Evocations     | 1 2 3 4 |  4.3
Staves         | 1 2 3 |  3.8
Spellcasting   | 3 4 |  4.6
Fire Magic     | 4 5 |  5.5
Dodging        | 3 4 |  4.4
Poison Magic   | 2 3 |  3.8
Stealth        | |  2.6

Action                   |  1- 3 |  4- 6 |  7- 9 || total
-------------------------+-------+-------+-------++-------
Melee: Unarmed           |     2 |       |       ||     2
       Constrict         |     1 |     1 |       ||     2
       Staff             |       |     4 |     4 ||     8
       Tentacles         |       |     1 |     1 ||     2
 Cast: Foxfire           |    56 |    79 |   233 ||   368
  Use: Potion            |       |       |     4 ||     4
Armor: Skin              |       |       |     8 ||     8
Dodge: Dodged            |     2 |     3 |    45 ||    50
